Description

This is probably the easiest cheese that you can do in PvZ. Execution is simple :

  • Send your first probe
  • Avoid the overlord path
  • Cut your economy at 15 (no chronoboost)
  • Proxy pylon + 4G
  • 2nd pylon close to the 4G
  • Chronoboost 2 zealots (second and third) then attack with 3 zealots - probe
  • Never stop your zealot production

You have to focus spines then queens

VOD

https://youtu.be/kl3a4TUEB5c

Replay - PvZ proxy 4g

Build Order

Get SALT Encoding   

  12  0:00  Probe  
  13  0:12  Probe  
  14  0:25  Probe  
  15  0:31  Pylon  
  15  0:50  Gateway x2  
  15  0:58  Gateway  
  15  1:09  Gateway  
  15  1:16  Pylon  
  15  1:30  Zealot  
  15  1:36  Zealot x2  
  21  1:56  Zealot x2  
  25  2:02  Zealot  
  27  2:09  Pylon  
  27  2:15  Zealot  
  28  2:30  Zealot  
  30  2:38  Zealot x2  
  36  3:10  Pylon  
Spawning Tool Build Advisor. Get it on Overwolf

Go to:

Details

  • Created by: zuka      
  • Published on: Oct 21, 2019
  • Patch: 4.7.1
Show
View Real Time Build Order
Export as new Build Order

Comments (2)

On June 2, 2020, 4:56 a.m., FullSend  said:

Hi I remembered that I want to ask what to do if he scouts my proxy thx :P

On June 1, 2020, 12:13 p.m., FullSend  said:

noice hehe. ̿̿ ̿'̿'\̵͇̿̿\з=( ͠° ͟ʖ ͡°)=ε/̵͇̿̿/'̿̿ ̿ ̿ ̿ ̿ ̿

Create an account to comment!